 Dungeon Crawl Stone Soup version 0.30-a0-634-g8abc85282e (webtiles) character file.

Game seed: 9581197188724289329

143 BaabKaare the Grave Robber (level 5, -3/35 HPs)
             Began as a Human Necromancer on Jan 14, 2023.
             Slain by a kobold brigand
             ... wielding a +0 short sword
              (7 damage)
             ... on level 3 of the Dungeon.
             The game lasted 00:10:28 (2525 turns).

BaabKaare the Grave Robber (Human Necromancer)      Turns: 2525, Time: 00:10:28

Health: -3/35      AC:  2    Str:  9    XL:     5   Next: 50%
Magic:  7/10       EV: 12    Int: 23    God:
Gold:   123        SH:  0    Dex: 13    Spells: 3/11 levels left

rFire   . . .      SeeInvis .    t - +4 short sword (drain)
rCold   . . .      Faith    .    (no shield)
rNeg    . . .      Spirit   .    a - +0 robe
rPois   .          Reflect  .    (no helmet)
rElec   .          Harm     .    (no cloak)
rCorr   .          Rampage  .    (no gloves)
Will    .....                    (no boots)
Stlth   ++                       (no amulet)
HPRegen 0.25/turn                r - +6 ring of intelligence
MPRegen 0.12/turn                (no ring)

@: slowed, very slow
A: no striking features
a: no special abilities


You were on level 3 of the Dungeon.
You visited 1 branch of the dungeon, and saw 3 of its levels.

You collected 123 gold pieces.

Inventory:

Hand Weapons
 t - a +4 short sword of draining (weapon)
Armour
 a - a +0 robe (worn)
Magical Staves
 s - a staff of conjuration
Jewellery
 r - a +6 ring of intelligence (left hand)
Scrolls
 f - a scroll of fog {unknown}
 g - 2 scrolls of teleportation {unknown}
 l - a scroll of identify {unknown}
 n - 4 scrolls of immolation {unknown}
 o - a scroll of poison {unknown}
 p - a scroll of blinking {unknown}
 q - a scroll of enchant armour {unknown}
Potions
 c - a potion of invisibility {unknown}
 d - 3 potions of curing {unknown}
 e - a potion of brilliance {unknown}
 h - a potion of degeneration {unknown}
 i - a potion of heal wounds {unknown}
 j - a potion of haste {unknown}
 k - a potion of attraction {unknown}
 m - a potion of resistance {unknown}


   Skills:
 + Level 0.2 Fighting
 + Level 2.2 Dodging
 + Level 2.1 Stealth
 + Level 3.5 Spellcasting
 + Level 5.2 Necromancy


You had 3 spell levels left.
You knew the following spells:

 Your Spells              Type           Power      Damage    Failure   Level
a - Necrotise             Necr           100%       1d9       1%          1
b - Vampiric Draining     Necr           28%        2d8       3%          3
c - Animate Dead          Necr           28%        N/A       13%         4

Your spell library contained the following spells:

 Spells                   Type           Power      Damage    Failure   Level
 Agony                    Necr           28%        N/A       34%         5
 Borgnjor's Vile Clutch   Necr/Erth      8%         N/A       71%         5
 Death Channel            Necr           14%        N/A       89%         6


Dungeon Overview and Level Annotations

Branches:
Dungeon (3/15)

Altars:


Message History

Casting: Necrotise (safe; 1% risk of failure)
Confirm with . or Enter, or press ? or * to list all spells.
Aiming: Vampiric Draining (dangerous; 3% risk of failure)
Press: ? - help, Shift-Dir - straight line, f - ice beast
Aim: an ice beast (moderately wounded, ally target)
You draw life force from the ice beast!
You feel life coursing into your body.
Your bat skeleton hits the kobold brigand but does no damage.
Your bat skeleton completely misses the kobold brigand.
Your bat skeleton hits the kobold brigand but does no damage.
The ice beast hits you but does no damage.
The orc barely misses your bat skeleton.
The ice beast hits you. The ice beast freezes you!
Unknown command.
Casting: Vampiric Draining (dangerous; 3% risk of failure)
Confirm with . or Enter, or press ? or * to list all spells.
You don't have enough magic to cast this spell.
Magic courses through your body.
Your bat skeleton hits the kobold brigand but does no damage.
Your bat skeleton barely misses the kobold brigand.
Your bat skeleton hits the kobold brigand.
Your bat skeleton closely misses the kobold brigand.
The orc hits your bat skeleton with a +0 mace.
The rat skeleton barely misses your bat skeleton.
The ice beast hits you. The ice beast freezes you!
* * * LOW HITPOINT WARNING * * *
A kobold comes into view. It is wielding a +0 short sword.
Your bat skeleton hits the kobold brigand.
Casting: Vampiric Draining (dangerous; 3% risk of failure)
Confirm with . or Enter, or press ? or * to list all spells.
Aiming: Vampiric Draining (dangerous; 3% risk of failure)
Press: ? - help, Shift-Dir - straight line, f/p - ice beast
Aim: an ice beast (almost dead, ally target)
You draw life force from the ice beast.
You kill the ice beast!
You feel life coursing into your body.
Your bat skeleton hits the orc. x2
Your bat skeleton closely misses the orc.
The rat skeleton bites your bat skeleton.
Your bat skeleton hits the orc.
The kobold brigand hits you with a +0 short sword!
You die...

.... #.# ##.#
#.# .... #.#
##..# #.####
..... #.# #..##
#.#... .=..? #.#
##.## #.#.##
....K. #.# ##..#
#.#.#. ......#
#.###..## #.#.#.
.....Z.##.##..##
#.#.#<
..?...ZoK....##
#.#.##
......###@..##
#.#...
..........>##
#.####
##########.#
#..... #.#
#####. #.# #.
#.# ######. #.#
#...... #.#
#.##### .# #.#


You could see a kobold brigand, an orc (ally target), a kobold, a rat skeleton
and a friendly bat skeleton.

Vanquished Creatures
  An ice beast (D:3)
  Natasha (thrice) (D:2)
  3 adders (D:2)
  A worm (D:2)
  2 dart slugs
  6 bats
  2 giant cockroaches
  3 goblins
  6 hobgoblins
  2 kobolds (D:1)
  A quokka (D:2)
  2 ball pythons (D:1)
  5 frilled lizards
  3 rats
40 creatures vanquished.

Vanquished Creatures (others)
  3 plants (D:1)
3 creatures vanquished.

Grand Total: 43 creatures vanquished

Notes
Turn   | Place    | Note
-------+----------+-------------------------------------------
     0 | D:1      | BaabKaare the Human Necromancer began the quest for the
                  | Orb.
     0 | D:1      | Reached XP level 1. HP: 13/13 MP: 3/3
   205 | D:1      | Reached XP level 2. HP: 19/19 MP: 0/5
   631 | D:1      | Reached XP level 3. HP: 24/24 MP: 1/6
   635 | D:1      | Learned a level 3 spell: Vampiric Draining
  1543 | D:2      | Noticed Natasha
  1551 | D:2      | Killed Natasha
  1552 | D:2      | Reached XP level 4. HP: 25/30 MP: 1/8
  1568 | D:2      | Noticed Natasha
  1589 | D:2      | Killed Natasha
  1609 | D:2      | Learned a level 4 spell: Animate Dead
  1677 | D:2      | Reached skill level 5 in Necromancy
  1693 | D:2      | Reached XP level 5. HP: 34/35 MP: 4/9
  1806 | D:2      | Noticed Natasha
  1859 | D:2      | Killed Natasha
  2508 | D:3      | Noticed an ice beast
  2509 | D:3      | Noticed a kobold brigand
  2525 | D:3      | Killed an ice beast
  2525 | D:3      | Slain by a kobold brigand

Illustrated notes

Levels and vault maps discovered:
D:1:      minmay_arrival_jagged, layout_basic, serial_bayou_lake_a
D:2:      layout_loops_ring, uniq_natasha
D:3:      layout_basic, mainiacjoe_overflow_tiny_flanked

Skill      XL: |  1  2  3  4 |
---------------+-------------+-----
Spellcasting   | 3 |  3.5
Necromancy     | 5 |  5.2
Fighting       | |  0.2
Dodging        | |  2.2
Stealth        | |  2.1

Action                   |  1- 3 |  4- 6 || total
-------------------------+-------+-------++-------
 Cast: Necrotise         |    47 |    40 ||    87
       Vampiric Draining |     1 |     3 ||     4
  Use: Potion            |       |     2 ||     2
Armor: Robe              |     3 |     1 ||     4
Dodge: Dodged            |    10 |    10 ||    20

Table legend: (Time is in decaauts)
 A = Elapsed time spent in this place.
 B = Non-inter-level travel time spent in this place.
 C = Inter-level travel time spent in this place.
 D = Time resting spent in this place.
 E = Time spent auto-exploring this place.
 F = Levels seen in this place.
 G = Mean time per level.
                   A        B        C        D        E       F      G
               +--------+--------+--------+--------+--------+-----+--------+
         Total |   2572 |   2534 |     38 |    777 |    927 |   3 |  857.3 |
       Dungeon |   2572 |   2534 |     38 |    777 |    927 |   3 |  857.3 |
               +--------+--------+--------+--------+--------+-----+--------+

Top non-repeatable levels by time:
     D:2: 1364 daAuts
     D:1: 1045 daAuts
     D:3: 162 daAuts
